 Dungeon Crawl Stone Soup version 0.19-a0-1908-g43c011f (webtiles) character file.

149 Psiweapon the Charmwright (level 5, -6/36 HPs)
             Began as a High Elf Skald on Oct 22, 2016.
             Killed by nerve-wracking pain
             ... invoked by Grinder
              (12 damage)
             ... on level 4 of the Dungeon.
             The game lasted 00:10:25 (2690 turns).

Psiweapon the Charmwright (High Elf Skald)          Turns: 2690, Time: 00:10:26

Health: -6/36      AC:  4    Str: 11    XL:     5   Next: 9%
Magic:  3/9        EV: 12    Int: 16    God:
Gold:   127        SH:  0    Dex: 15    Spells: 3 memorised, 2 levels left

rFire  + . .     SeeInvis .     a - +1 falchion
rCold  + . .     Gourm    .     b - +1 leather armour
rNeg   . . .     Faith    .     (no shield)
rPois  +         Spirit   .     (no helmet)
rElec  +         Reflect  .     (no cloak)
rCorr  +         Harm     .     (no gloves)
MR     .....                    (no boots)
Stlth  +.........               (no amulet)
                                (no ring)
                                (no ring)

@: resistant, singing, regenerating
A: no striking features
a: Stop Singing


You were on level 4 of the Dungeon.
You were not hungry.

You visited 2 branches of the dungeon, and saw 5 of its levels.

You collected 127 gold pieces.

Inventory:

Hand Weapons
 a - a +1 falchion (weapon)
 f - a +0 spear
Missiles
 h - 39 bolts
Armour
 b - a +1 leather armour (worn)
Wands
 i - a wand of flame (15/48)
 m - a wand of acid (6/15)
Scrolls
 e - 2 scrolls of identify
 j - a scroll of fog
 l - 3 scrolls of immolation {unknown}
 p - a scroll of teleportation
Potions
 n - a potion of heal wounds {unknown}
 r - a potion of brilliance {unknown}
Books
 c - a book of Battle

   Spells                             Type                      Level
   a - Infusion                       Charms                       1
   b - Shroud of Golubria             Charms/Translocation         2
   c - Song of Slaying                Charms                       2
   d - Spectral Weapon                Hexes/Charms                 3
   e - Regeneration                   Charms/Necromancy            3
Comestibles
 g - 2 beef jerkies
 q - a meat ration
 s - a bread ration


   Skills:
 + Level 3.1 Fighting
 + Level 3.0 Long Blades
 + Level 1.9 Armour
 + Level 2.0 Dodging
 - Level 2.4 Spellcasting
 + Level 5.1 Charms


You had 2 spell levels left.
You knew the following spells:

 Your Spells              Type           Power        Failure   Level  Hunger
a - Infusion              Chrm           ###.         3%          1    #......
b - Song of Slaying       Chrm           ###.....     6%          2    ###....
c - Regeneration          Chrm/Necr      ##........   30%         3    ###....


Dungeon Overview and Level Annotations

Branches:
Dungeon (4/15)             Temple (1/1) D:4

Altars:
Dithmenos
Fedhas
Gozag
Hepliaklqana
Kikubaaqudgha
Makhleb
Nemelex Xobeh
Qazlal
Ru
Sif Muna
Trog
Vehumet
Xom
Yredelemnul
Zin
The Shining One

Portals:
Sewer: D:4

Annotations:
D:4 Grinder


Message History

Grinder hits you.
* * * LOW HITPOINT WARNING * * *
You writhe in agony.
* * * LOW HITPOINT WARNING * * *
You feel better. Grinder barely misses you.
You hit Grinder.
Grinder is heavily wounded.
Grinder hits you!
* * * LOW HITPOINT WARNING * * *
You writhe in agony.
* * * LOW HITPOINT WARNING * * *
You barely miss Grinder.
Grinder is heavily wounded.
Grinder hits you but does no damage.
Grinder blinks!
Casting: Regeneration
Confirm with . or Enter, or press ? or * to list all spells.
Your skin crawls.
Grinder gestures at you. Pain shoots through your body!
You die...

##....≈≈≈...#
....≈≈≈≈≈..#
###..≈≈∩≈≈..###
#....≈≈≈≈≈5....
#...≈≈≈....#
#....%....#
#...w.(...#
####.###.##
#.r.@.# ###
#####.###<#
#.....###
#.......#
#..>....#
#.......#
#####.### ..#
###


You could see Grinder and a rat.

Vanquished Creatures
  An orc wizard (D:3)
  5 adders
  A worm (D:3)
  2 dart slugs
  A leopard gecko (D:3)
  5 orcs (D:3)
  5 giant cockroaches
  5 goblins
  6 hobgoblins
  2 jackals (D:1)
  10 kobolds
  5 bats
  4 frilled lizards
  10 rats
62 creatures vanquished.

Notes
Turn   | Place    | Note
-------+----------+-------------------------------------------
     0 | D:1      | Psiweapon the High Elf Skald began the quest for the Orb.
     0 | D:1      | Reached XP level 1. HP: 14/14 MP: 4/4
    37 | D:1      | Reached skill level 4 in Charms
   101 | D:1      | Reached XP level 2. HP: 18/19 MP: 6/6
   159 | D:1      | Learned a level 2 spell: Song of Slaying
   341 | D:2      | Reached skill level 1 in Armour
   341 | D:2      | Reached XP level 3. HP: 3/25 MP: 0/7
   474 | D:2      | Learned a level 3 spell: Regeneration
  1616 | D:2      | Reached XP level 4. HP: 10/30 MP: 1/8
  1827 | D:2      | Reached skill level 5 in Charms
  2237 | D:3      | Found a shadowy altar of Dithmenos.
  2246 | D:3      | Reached XP level 5. HP: 28/36 MP: 2/9
  2401 | D:3      | Found a glowing golden altar of the Shining One.
  2493 | D:3      | Found a sparkling altar of Nemelex Xobeh.
  2565 | D:4      | Found a staircase to the Ecumenical Temple.
  2570 | Temple   | Entered the Ecumenical Temple
  2663 | D:4      | Found a glowing drain.
  2671 | D:4      | Noticed Grinder
  2690 | D:4      | Killed from afar by Grinder

Vault maps used:
D:1:      ncdulo_wetmaze, corexii_corridor_pit, minmay_cut_off
D:2:      kennysheep_generic_room_4
D:3:      nicolae_overflow_hidden_temple, lemuel_round_altar,
          grunt_dithmenos_smoke_and_mirrors, grunt_ministairs_15
D:4:      first_bread, portal_sewer_entry_a, minmay_gold_behind_fungi,
          uniq_grinder
Temple:   dshaligram_water_room_temple

Skill      XL: |  1  2  3  4  5 |
---------------+----------------+-----
Charms         | 4 5 |  5.1
Armour         | 1 |  1.9
Fighting       | 3 |  3.1
Long Blades    | 3 |  3.0
Dodging        | 2 |  2.0
Spellcasting   | |  2.4

Action                   |  1- 3 |  4- 6 || total
-------------------------+-------+-------++-------
Melee: Falchion          |    59 |    65 ||   124
       Dagger            |   147 |       ||   147
 Cast: Infusion          |    14 |     3 ||    17
       Song of Slaying   |     1 |     3 ||     4
       Regeneration      |     5 |     6 ||    11
Evoke: Wand              |     1 |       ||     1
  Use: Scroll            |     9 |       ||     9
       Potion            |     2 |     3 ||     5
 Stab: Sleeping          |     1 |       ||     1
  Eat: Chunk             |     2 |     2 ||     4
       Bread ration      |     1 |       ||     1
Armor: Leather armour    |    65 |    21 ||    86
Dodge: Dodged            |   117 |    39 ||   156
       Rpst.: Falchion   |    13 |     9 ||    22
